 Dungeon Crawl Stone Soup version 0.31-a0-177-g4aa6249778 (webtiles) character file.

Game seed: 13394672102485503145

104855 TittyCrusher the Brawler (level 16, -18/127 HPs)
             Began as an Octopode Transmuter on June 19, 2023.
             Was a High Priest of Cheibriados.
             Killed from afar by Jorgrun (69 damage)
             ... with an entropic shot
             ... on level 1 of the Orcish Mines.
             The game lasted 01:17:07 (27574 turns).

TittyCrusher the Brawler (Octopode Transmuter)     Turns: 27574, Time: 01:17:08

Health: -18/127    AC: 11    Str: 38    XL:     16   Next: 39%
Magic:  20/26      EV: 24    Int: 36    God:    Cheibriados [*****.]
Gold:   164        SH:  5    Dex: 39    Spells: 2/19 levels left

rFire   . .          .
                       - Unarmed
rCold   + + +        B - melded +3 buckler "Pauh" {rCorr MP+9}
rNeg    . . .        f - melded +0 hat of the Illusory Lies {rC+ Will+ Str+3}
rPois   +            n - amulet of reflection
rElec   .            e - +5 ring of evasion
rCorr   +            v - ring of resist corrosion
SInv    +            Y - +6 ring of intelligence
Will    ++...        G - ring of Ussinek {Str+2 Dex+6}
Stlth   +++          d - +6 ring of dexterity
HPRegen 0.41/turn    s - +6 ring of strength
MPRegen 0.20/turn    l - ring of protection from fire
                     (no ring)

%: reflection
@: ice-form, enlightened, flying, very slow
A: freezing attack, boosted hp, almost no armour, amphibious, 8 rings, large,
(camouflage 1), (gelatinous body 1), (nimble swimmer 1), (tentacles), see
invisible
a: End Transformation, Renounce Religion, Bend Time, Temporal Distortion,
Slouch, Step From Time


You were on level 1 of the Orcish Mines.
You worshipped Cheibriados.
Cheibriados was extremely pleased with you.
You were a creature of crystalline ice.
You visited 4 branches of the dungeon, and saw 23 of its levels.
You visited 1 bazaar.
You also visited: Bailey, Gauntlet and Ice Cave.

You collected 2857 gold pieces.
You spent 2693 gold pieces at shops.

Inventory:

Missiles
 I - 4 throwing nets
Armour
 f - the +0 hat of the Illusory Lies (melded) {rC+ Will+ Str+3}
   (You acquired it on level 2 of the Dungeon)

   Str:       It affects your strength (+3).
   rC:        It protects you from cold.
   Will:      It increases your willpower.
 B - the +3 buckler "Pauh" (melded) {rCorr MP+9}
   (You acquired it on level 10 of the Dungeon)

   MP:        It affects your magic capacity (+9).
   rCorr:     It protects you from acid and corrosion.
Magical Staves
 y - the staff "Ujufis" {rElec rF- SInv Earth}
   (You found it in an ice cave)

   [staff of earth]

   Base accuracy: +5 Base damage: 5 Base attack delay: 1.2 This weapon's minimum
   attack delay (0.6) is reached at skill level 12.
   rF:        It makes you vulnerable to fire.
   rElec:     It insulates you from electricity.
   SInv:      It lets you see invisible.
   It falls into the 'Staves' category.
   It is a one-tentacled weapon.
Jewellery
 b - the ring of Oleoch {rF+ rC+ rN+ Will- rCorr}
   (You bought it in a shop in a bazaar)

   [ring of protection from fire]

   rF:        It protects you from fire.
   rC:        It protects you from cold.
   rN:        It protects you from negative energy.
   rCorr:     It protects you from acid and corrosion.
   Will:      It decreases your willpower.
 d - a +6 ring of dexterity (on tentacle)
 e - a +5 ring of evasion (left front paw)
 l - a ring of protection from fire (on tentacle)
 n - an amulet of reflection (around neck)
 s - a +6 ring of strength (on tentacle)
 v - a ring of resist corrosion (right front paw)
 G - the ring of Ussinek (on tentacle) {Str+2 Dex+6}
   (You found it in an ice cave)

   [ring of dexterity]

   Str:       It affects your strength (+2).
   Dex:       It affects your dexterity (+6).
 Y - a +6 ring of intelligence (on tentacle)
Wands
 o - a wand of polymorph (6)
 u - a wand of iceblast (5)
 E - a wand of charming (3)
 N - a wand of digging (11)
 T - a wand of flame (7)
 Z - a wand of quicksilver (1)
Scrolls
 c - 5 scrolls of blinking
 j - 3 scrolls of immolation
 k - 20 scrolls of teleportation
 p - 2 scrolls of amnesia
 q - 7 scrolls of fear
 r - a scroll of brand weapon
 x - 6 scrolls of enchant armour
 M - 2 scrolls of poison
 O - 3 scrolls of fog
 P - 6 scrolls of identify
 V - 6 scrolls of enchant weapon
 W - 3 scrolls of revelation
 X - 3 scrolls of silence
Potions
 a - 2 potions of lignification
 g - a potion of magic
 h - 3 potions of enlightenment
 i - 8 potions of heal wounds
 m - 4 potions of brilliance
 t - 5 potions of attraction
 w - 4 potions of cancellation
 A - 2 potions of haste
 C - 2 potions of mutation
 D - 3 potions of invisibility
 J - a potion of ambrosia
 K - 5 potions of might
 U - 6 potions of curing
Miscellaneous
 L - a tin of tremorstones (2/2)
 R - a phial of floods


   Skills:
 - Level 8.6 Fighting
 - Level 7.2 Dodging
 - Level 4.1 Shields
 - Level 19.4 Unarmed Combat
 - Level 2.0 Spellcasting
 + Level 4.0 Conjurations
 - Level 6.9 Transmutations
 - Level 7.7 Ice Magic
 + Level 4.0 Air Magic
 - Level 4.9 Poison Magic
 - Level 14.3 Invocations


You had 2 spell levels left.
You knew the following spells:

 Your Spells              Type           Power      Damage    Failure   Level
a - Beastly Appendage     Tmut           100%       N/A       1%          1
b - Wereblood             Tmut           52%        N/A       1%          2
c - Spider Form           Tmut/Pois      46%        N/A       1%          3
d - Ice Form              Ice/Tmut       54%        N/A       2%          4
e - Lesser Beckoning      Tloc           6%         N/A       8%          2
f - Freezing Cloud        Conj/Ice/Air   20%        6-21      17%         5

Your spell library contained the following spells:

 Spells                   Type           Power      Damage    Failure   Level
 Cigotuvi's Dreadful Rot  Necr/Pois/Air  50%        N/A       2%          2
 Necrotise                Necr           12%        1d4       5%          1
 Scorch                   Fire           6%         2d5       8%          2
 Sublimation of Blood     Necr           3%         N/A       8%          2
 Ignite Poison            Fire/Tmut/Pois 32%        N/A       3%          3
 Dazzling Flash           Conj/Hex       36%        N/A       7%          3
 Petrify                  Tmut/Erth      28%        N/A       13%         4
 Gell's Gravitas          Tloc           3%         N/A       16%         3
 Portal Projectile        Hex/Tloc       6%         N/A       16%         3
 Teleport Other           Tloc           3%         N/A       16%         3
 Vampiric Draining        Necr           3%         2d6       16%         3
 Volatile Blastmotes      Fire/Tloc      6%         2d10      16%         3
 Irradiate                Conj/Tmut      21%        3d18      16%         5
 Flame Wave               Conj/Fire      18%        2d7       22%         4
 Iskenderun's Mystic Bla  Conj/Tloc      18%        2d6       22%         4
 Iskenderun's Battlesphe  Conj           32%        2d8       28%         5
 Agony                    Necr           3%         N/A       82%         5
 Simulacrum               Ice/Necr       15%        N/A       86%         6
 Ozocubu's Refrigeration  Ice            28%        4d13      88%         7
 Leda's Unmaking          Conj/Erth      9%         9d2       98%         6
 Starburst                Conj/Fire      9%         6d5       98%         6
 Dispersal                Tloc           1%         N/A       100%        6
 Summon Cactus Giant      Summ           1%         N/A       100%        6
 Spellforged Servitor     Conj/Summ      9%         N/A       100%        7
 Polar Vortex             Ice            28%        N/A       100%        9


Dungeon Overview and Level Annotations

Branches:
Dungeon (15/15)            Temple (1/1) D:6            Lair (5/5) D:9
  Swamp (0/4) Lair:3        Snake (0/4) Lair:3        Slime (0/5) Lair:5
    Orc (2/2) D:9             Elf (0/3) Orc:2        Vaults (0/5) D:13
 Depths (0/4) D:15         Bailey (visited)           IceCv (visited)
Gauntlet (visited)

Altars:
Ashenzari
Cheibriados
Dithmenos
Elyvilon
Fedhas
Gozag
Hepliaklqana
Kikubaaqudgha
Makhleb
Nemelex Xobeh
Okawaru
Qazlal
Ru
Sif Muna
Trog
Uskayaw
Vehumet
Wu Jian
Xom
Yredelemnul
Zin
The Shining One
Jiyva

Shops:
D:11 *   D:13 *[   D:15 !(

Annotations:
Lair:5 1 exclusion
Orc:1 Jorgrun


Innate Abilities, Weirdness & Mutations

You are a creature of crystalline ice.
You have a powerful freezing melee attack.
Your maximum health is increased.
Your armour is entirely melded.
You are incapable of wielding weapons or throwing items.
You cannot wear most types of armour.
You are amphibious.
You can wear up to eight rings at the same time.
((Your skin changes colour to match your surroundings (Stealth+).))
((Your rubbery body absorbs attacks. (AC +1, EV +1)))
((You are camouflaged when in or above water. (Stealth+)))
((You have tentacles for arms and can constrict up to eight enemies at once.))
You have supernaturally acute eyesight. (SInv)


Message History

You shout for attention!
What are your orders? t - Shout!
Orders for allies: a - Attack new target. r - Retreat! s - Stop attacking. g - Guard the area. f - Follow me.
Anything else - Cancel.
You shout for attention!
Casting: Ice Form (mildly dangerous; 2% risk of failure)
Confirm with . or Enter, or press ? or * to list all spells.
You turn into a creature of crystalline ice.
The +0 hat of the Illusory Lies {rC+ Will+ Str+3} melds into your body.
The +3 buckler "Pauh" {rCorr MP+9} melds into your body.
You feel your magic capacity decrease.
Unknown command.
Found 33 gold pieces.
Jorgrun gestures at you while chanting.
You easily resist.
Unknown command.
You pummel Jorgrun!! You freeze Jorgrun!
Jorgrun is moderately wounded.
Jorgrun hits you with a staff of earth. Jorgrun shatters you.
Jorgrun hits you with a staff of earth! Jorgrun shatters you!
You hit Jorgrun. You freeze Jorgrun.
Jorgrun is moderately wounded.
You pummel Jorgrun!! You freeze Jorgrun.
Jorgrun is heavily wounded.
Jorgrun closely misses you. Jorgrun hits you with a staff of earth!
You pummel Jorgrun!! You freeze Jorgrun!
Jorgrun is almost dead.
Jorgrun hits you with a staff of earth. Jorgrun shatters you!!
Jorgrun hits you with a staff of earth!
You hit Jorgrun but do no damage.
Jorgrun is almost dead.
You barely miss Jorgrun.
Jorgrun is almost dead.
Jorgrun points at you and mumbles some strange words.
The entropic shot hits you!!!
Ouch! That really hurt!
You die...

#... .......
..#....
.......##
........##
.........##
........$.##
.........>.#
......gY..##
........#.#
...........#
$.........##
.......$###
.........
.........
.........


You could see Jorgrun.

Vanquished Creatures
  Kirke (D:15)
  An orc warlord (Bailey)
  Azrael (Orc:2)
  A minotaur (Gauntlet)
  An ettin (D:15)
  Josephine (Orc:1)
  Harold (D:11)
  6 hydras
  2 boulder beetles
  A rakshasa (D:14)
  8 vault guards (D:13)
  5 centaur warriors
  3 tengu warriors
  8 two-headed ogres
  6 death yaks (Lair:2)
  2 thrashing horrors (Gauntlet)
  2 deep trolls (D:15)
  A skyshark (Lair:4)
  Lodul (D:13)
  3 skeletal warriors
  An orb spider (shapeshifter) (D:14)
  2 bog bodies (IceCv)
  2 large abominations (Gauntlet)
  A wizard (D:15)
  Pikel (D:8)
  A lindwurm (Lair:4)
  A necromancer (D:15)
  A manticore (D:15)
  An oklob plant (Lair:5)
  7 cyclopes
  9 elephants
  Maurice (D:8)
  2 ice statues
  A black mamba (shapeshifter) (D:15)
  4 black mambas
  16 cane toads
  A molten gargoyle (D:15)
  4 rime drakes
  2 gargoyles (D:13)
  An unseen horror (D:12)
  An unseen horror (shapeshifter) (D:14)
  4 kobold demonologists
  An anaconda simulacrum (IceCv)
  11 komodo dragons
  2 ice devils (IceCv)
  9 polar bears (Lair:5)
  6 trolls
  Prince Ribbit (D:7)
  11 blink frogs
  A raiju (Lair:5)
  15 slime creatures
  A vampire (D:11)
  2 shadows
  7 wraiths
  59 yaks
  5 wyverns
  2 hogs (D:15)
  2 steam dragons (Lair:5)
  4 fire elementals
  3 basilisks
  A death yak simulacrum (IceCv)
  12 vampire mosquitoes
  7 wargs
  Menkaure (D:7)
  A harpy simulacrum (IceCv)
  An acid dragon (D:13)
  3 nagas (Lair:3)
  18 hell hounds
  A hydra simulacrum (IceCv)
  8 water moccasins
  A swamp drake (D:9)
  4 ice beasts
  3 sky beasts
  12 black bears
  22 orc warriors
  10 ogres
  17 wolves
  2 centaurs (D:9)
  4 kobold brigands
  7 small abominations (Gauntlet)
  14 bullfrogs
  2 cane toad simulacra (IceCv)
  5 two-headed ogre simulacra (IceCv)
  6 scorpions
  12 wights
  3 elephant simulacra (IceCv)
  7 howler monkeys
  10 killer bees (D:10)
  7 electric eels (D:10)
  2 hounds
  12 orc priests
  6 jellies
  3 gnoll boudas
  Jessica (D:3)
  6 hell rats (Lair:4)
  5 iguanas
  A sleepcap (D:7)
  15 orc wizards
  5 spriggan simulacra (IceCv)
  A polar bear simulacrum (IceCv)
  10 troll simulacra (IceCv)
  3 wolf simulacra (IceCv)
  4 adders
  21 gnolls
  9 naga simulacra (IceCv)
  2 shadow imps
  A white imp (IceCv)
  3 ufetubi (IceCv)
  3 worms
  A dart slug (D:2)
  68 orcs
  7 bats
  7 endoplasms
  3 giant cockroaches
  24 goblins
  13 hobgoblins
  3 jackals (D:1)
  14 kobolds
  5 quokkas
  8 ball pythons
  7 frilled lizards
  9 rats
744 creatures vanquished.

Vanquished Creatures (collateral kills)
  2 lindwurms (Lair:4)
2 creatures vanquished.

Vanquished Creatures (others)
  A lindwurm (Lair:4)
  An orc (Orc:1)
2 creatures vanquished.

Grand Total: 748 creatures vanquished

Notes
Turn   | Place    | Note
-------+----------+-------------------------------------------
     0 | D:1      | TittyCrusher the Octopode Transmuter began the quest for
                  | the Orb.
     0 | D:1      | Reached XP level 1. HP: 13/13 MP: 3/3
   145 | D:1      | Found a faded altar of an unknown god.
   288 | D:1      | Reached XP level 2. HP: 18/18 MP: 3/5
   291 | D:1      | Learned a level 2 spell: Wereblood
   407 | D:1      | Reached XP level 3. HP: 23/23 MP: 2/6
   411 | D:1      | Learned a level 3 spell: Spider Form
   679 | D:1      | Reached skill level 1 in Poison Magic
  1204 | D:2      | Found Eriv's Weapon Shop.
  1249 | D:2      | Identified a scroll of acquirement
  1250 | D:2      | Acquired the +0 hat of the Illusory Lies {rC+ Will+ Str+3}
  1264 | D:2      | Found an iron altar of Okawaru.
  1516 | D:2      | Reached XP level 4. HP: 24/28 MP: 7/7
  1662 | D:2      | Noticed a scorpion
  1732 | D:2      | Killed a scorpion
  1733 | D:2      | Reached XP level 5. HP: 23/33 MP: 4/8
  2357 | D:3      | Identified the +2 leather armour "Ybuluhu" {Str+3}
  2457 | D:3      | Noticed Jessica
  2469 | D:3      | Killed Jessica
  2819 | D:4      | Found a shimmering altar of Xom.
  3045 | D:4      | HP: 1/33 [acid (4)]
  3046 | D:4      | Reached XP level 6. HP: 1/38 MP: 6/9
  3249 | D:4      | Reached skill level 5 in Transmutations
  3356 | D:4      | Noticed a sky beast
  3369 | D:4      | Killed a sky beast
  3438 | D:4      | Reached skill level 4 in Unarmed Combat
  3438 | D:4      | Reached XP level 7. HP: 43/43 MP: 7/10
  3640 | D:5      | Entered Level 5 of the Dungeon
  3847 | D:5      | Reached skill level 5 in Unarmed Combat
  4078 | D:5      | Reached skill level 6 in Unarmed Combat
  5051 | D:6      | Reached XP level 8. HP: 48/48 MP: 11/11
  5128 | D:6      | Reached skill level 7 in Unarmed Combat
  5591 | D:6      | Reached skill level 8 in Unarmed Combat
  5756 | D:6      | Found a large runed translucent door.
  5757 | D:6      | Found a large runed translucent door.
  5805 | D:6      | Found a staircase to the Ecumenical Temple.
  5813 | Temple   | Entered the Ecumenical Temple
  5813 | Temple   | Found a transporter.
  5813 | Temple   | Found a transporter.
  5815 | Temple   | Found a transporter.
  5815 | Temple   | Found a transporter.
  6313 | D:6      | Identified the +1 whip of the Open Hand {heavy, Int+4}
  6401 | D:7      | Reached skill level 9 in Unarmed Combat
  6473 | D:7      | Found a stormy altar of Qazlal.
  6773 | D:7      | Noticed Menkaure
  6786 | D:7      | Killed Menkaure
  6787 | D:7      | Reached XP level 9. HP: 53/53 MP: 12/12
  6891 | D:7      | Reached skill level 10 in Unarmed Combat
  6980 | D:7      | Noticed Prince Ribbit
  6997 | D:7      | Killed Prince Ribbit
  7058 | D:7      | Learned a level 4 spell: Ice Form
  7291 | D:7      | Reached skill level 11 in Unarmed Combat
  7656 | D:7      | Noticed a two-headed ogre
  7663 | D:7      | Killed a two-headed ogre
  7664 | D:7      | Reached skill level 12 in Unarmed Combat
  7850 | D:7      | Reached XP level 10. HP: 50/58 MP: 9/13
  8272 | D:8      | Noticed Pikel
  8285 | D:8      | Killed Pikel
  8286 | D:8      | Reached skill level 5 in Dodging
  8307 | D:8      | Found a basalt altar of Yredelemnul.
  8383 | D:8      | Noticed Maurice
  8411 | D:8      | Killed Maurice
  8890 | D:9      | Reached skill level 1 in Ice Magic
  9153 | D:9      | Reached XP level 11. HP: 57/63 MP: 9/14
  9158 | D:9      | Found a staircase to the Lair.
  9308 | D:9      | Noticed a two-headed ogre
  9314 | D:9      | Gained mutation: You are occasionally teleported next to
                  | monsters. [potion of mutation]
  9314 | D:9      | Gained mutation: You are agile. (Dex +4, Str/Int -1)
                  | [potion of mutation]
  9335 | D:9      | Killed a two-headed ogre
  9336 | D:9      | Reached skill level 5 in Ice Magic
  9516 | D:9      | Found a radiant altar of Vehumet.
 10137 | D:10     | Entered Level 10 of the Dungeon
 10185 | D:10     | Acquired the +3 buckler "Pauh" {rCorr MP+9}
 10252 | D:10     | Found a broken altar of Ashenzari.
 10466 | D:10     | Noticed a two-headed ogre
 10565 | D:10     | Found a flagged portal.
 10585 | Bailey   | Entered a bailey
 10777 | Bailey   | Lost mutation: You are agile. (Dex +4, Str/Int -1) [potion
                  | of mutation]
 10777 | Bailey   | Lost mutation: You are occasionally teleported next to
                  | monsters. [potion of mutation]
 10777 | Bailey   | Gained mutation: You have supernaturally acute eyesight.
                  | (SInv) [potion of mutation]
 10874 | Bailey   | Noticed an orc warlord
 10895 | Bailey   | Killed an orc warlord
 10896 | Bailey   | Reached skill level 13 in Unarmed Combat
 10960 | Bailey   | Reached XP level 12. HP: 84/84 MP: 15/15
 11825 | D:11     | Found a frozen archway.
 11835 | IceCv    | Entered an ice cave
 12557 | IceCv    | Identified the ring of Ussinek {Str+2 Dex+6}
 12565 | IceCv    | Identified the staff "Ujufis" {rElec rF- SInv Earth}
 12709 | IceCv    | Reached skill level 14 in Unarmed Combat
 12889 | IceCv    | Reached XP level 13. HP: 89/89 MP: 11/16
 12983 | D:11     | Found Hory's Assorted Antiques.
 12987 | D:11     | Noticed Harold
 12994 | D:11     | Killed Harold
 13108 | D:11     | Reached skill level 15 in Unarmed Combat
 13212 | D:11     | Bought a potion of might for 132 gold pieces
 14191 | D:9      | Found a staircase to the Orcish Mines.
 14988 | D:12     | Reached skill level 16 in Unarmed Combat
 15674 | D:6      | Found a snail-covered altar of Cheibriados.
 15682 | D:6      | Became a worshipper of Cheibriados the Contemplative
 15687 | D:6      | Found an ancient bone altar of Kikubaaqudgha.
 15775 | Lair:1   | Entered Level 1 of the Lair of Beasts
 16033 | Lair:1   | Found a gate leading to a gauntlet.
 16043 | Gauntlet | Entered a Gauntlet
 16043 | Gauntlet | Found a transporter.
 16043 | Gauntlet | Found a transporter.
 16043 | Gauntlet | Found a transporter.
 16069 | Gauntlet | Found a transporter.
 16079 | Gauntlet | Found a transporter.
 16083 | Gauntlet | Found a transporter.
 16095 | Gauntlet | Found a transporter.
 16115 | Gauntlet | Found a transporter.
 16132 | Gauntlet | Found a transporter.
 16136 | Gauntlet | Found a transporter.
 16146 | Gauntlet | Found a transporter.
 16150 | Gauntlet | Found a transporter.
 16391 | Gauntlet | Reached skill level 17 in Unarmed Combat
 16397 | Gauntlet | Reached * piety under Cheibriados
 16504 | Gauntlet | Identified the +0 morningstar of Death {venom, *Corrode
                  | Will- Str+8}
 16504 | Gauntlet | Noticed a minotaur
 16512 | Gauntlet | Killed a minotaur
 16526 | Gauntlet | Got the Teachings on the Vector
 17378 | Lair:2   | Reached skill level 1 in Invocations
 17385 | Lair:2   | Reached XP level 14. HP: 95/95 MP: 8/17
 17407 | Lair:2   | Reached skill level 5 in Invocations
 17813 | Lair:2   | Reached ** piety under Cheibriados
 18728 | Lair:3   | Found a staircase to the Snake Pit.
 18970 | Lair:3   | Found a staircase to the Swamp.
 19335 | Lair:3   | Reached *** piety under Cheibriados
 20069 | Lair:4   | You fall into a shaft and drop 1 floor!
 20069 | Lair:5   | Entered Level 5 of the Lair of Beasts
 20195 | Lair:5   | Reached skill level 18 in Unarmed Combat
 20397 | Lair:4   | Reached **** piety under Cheibriados
 20754 | Lair:4   | Reached ***** piety under Cheibriados
 20798 | Lair:4   | Reached XP level 15. HP: 98/100 MP: 21/21
 20837 | Lair:4   | Reached skill level 19 in Unarmed Combat
 21713 | Lair:5   | Reached skill level 10 in Invocations
 21794 | Lair:5   | Reached ****** piety under Cheibriados
 22201 | Lair:5   | Found a viscous altar of Jiyva.
 22408 | Lair:5   | Found a staircase to the Slime Pits.
 22992 | D:13     | Noticed Lodul
 23005 | D:13     | Killed Lodul
 23322 | D:13     | You fall into a shaft and drop 2 floors!
 23322 | D:15     | Entered Level 15 of the Dungeon
 23322 | D:15     | Found Uxkaap's Weapon Shoppe.
 23691 | D:13     | Found a gate to the Vaults.
 23888 | D:13     | Reached XP level 16. HP: 106/106 MP: 26/26
 23928 | D:13     | Found Engin's Antique Armour Shop.
 24111 | D:13     | Noticed Sonja
 24119 | D:13     | Sonja changed into Sonja the scorpion
 24119 | D:13     | Noticed Sonja
 24122 | D:13     | Killed Sonja the scorpion
 24169 | D:13     | Found Geakuuliorch's General Store.
 24233 | D:13     | Bought a scroll of teleportation for 48 gold pieces
 24233 | D:13     | Bought a potion of heal wounds for 80 gold pieces
 24233 | D:13     | Bought 3 scrolls of teleportation for 144 gold pieces
 24233 | D:13     | Bought a scroll of teleportation for 48 gold pieces
 24387 | D:14     | Reached skill level 1 in Shields
 24774 | D:14     | Found a sparkling altar of Nemelex Xobeh.
 25296 | D:14     | Learned a level 2 spell: Lesser Beckoning
 25302 | D:14     | Learned a level 5 spell: Freezing Cloud
 25585 | D:15     | Identified the +1 lajatang of Joyful Slaughter {vamp, rPois
                  | rC+}
 25602 | D:15     | Reached skill level 1 in Conjurations
 25602 | D:15     | Reached skill level 1 in Air Magic
 25636 | D:15     | Found a staircase to the Depths.
 25747 | D:15     | Found Ohomurpho's Distillery.
 25755 | D:15     | Bought a potion of heal wounds for 80 gold pieces
 25755 | D:15     | Bought a potion of curing for 48 gold pieces
 25755 | D:15     | Bought a potion of invisibility for 128 gold pieces
 25755 | D:15     | Bought a potion of cancellation for 128 gold pieces
 25755 | D:15     | Bought a potion of lignification for 48 gold pieces
 25757 | D:15     | Noticed Kirke
 25778 | D:15     | Killed Kirke
 25779 | D:15     | Found an ancient bone altar of Kikubaaqudgha.
 26287 | Orc:1    | Entered Level 1 of the Orcish Mines
 26491 | Orc:2    | Entered Level 2 of the Orcish Mines
 26494 | Orc:2    | Noticed Azrael
 26692 | Orc:2    | Killed Azrael
 26724 | Orc:1    | Noticed Josephine
 26737 | Orc:1    | Killed Josephine
 27015 | Orc:2    | Found a flickering gateway to a bazaar.
 27031 | Bazaar   | Entered a bazaar
 27031 | Bazaar   | Found Dimpammyop's Antique Weapon Emporium.
 27116 | Bazaar   | Found Neeby's Antique Armour Boutique.
 27127 | Bazaar   | Found Wasaaj's Distillery.
 27135 | Bazaar   | Found Fofaroa's General Store.
 27146 | Bazaar   | Found Cetsu's Jewellery Boutique.
 27154 | Bazaar   | Bought the ring of Oleoch {rF+ rC+ rN+ Will- rCorr} for 713
                  | gold pieces
 27154 | Bazaar   | Bought a ring of protection from fire for 400 gold pieces
 27154 | Bazaar   | Bought a +6 ring of strength for 576 gold pieces
 27168 | Bazaar   | Bought a potion of heal wounds for 75 gold pieces
 27168 | Bazaar   | Bought a potion of curing for 45 gold pieces
 27356 | Orc:2    | Found a staircase to the Elven Halls.
 27561 | Orc:1    | Noticed Jorgrun
 27574 | Orc:1    | Killed from afar by Jorgrun

Illustrated notes

Levels and vault maps discovered:
D:1:      pf_arrival_petrified_forest, layout_basic,
          dreamdust_ecumenical_altar_hidden_monk_grotto, hex_tiny
D:2:      minmay_razor_zed, layout_rooms, basic_altar, serial_shops,
          nicolae_shop_hallway_stairs
D:3:      layout_loops_ring, uniq_jessica
D:4:      layout_rooms, lemuel_doored_altar, nicolae_underground_beach
D:5:      layout_layer_cave
D:6:      layout_loops_ring, jmf_multi_god_temple2, minmay_temple_entry_tees
D:7:      layout_loops_corners, nicolae_qazlal_beasts_of_the_sky,
          kennysheep_generic_room_15, uniq_menkaure, uniq_prince_ribbit1
D:8:      layout_cave_pools, mainiacjoe_overflow_small_starburst, uniq_maurice,
          uniq_pikel
D:9:      layout_basic, mainiacjoe_overflow_concentric_impassable,
          erik_lair_orcish_takeover, erik_orc_1, bh_walls_and_bars
D:10:     layout_basic, nicolae_ashenzari_panopticon, enter_bailey_3
D:11:     layout_basic, portal_ice_cave_entry_pillars_1, serial_shops,
          nicolae_shop_overgrown_old_shop, grunt_decor_clamped, uniq_harold
D:12:     layout_rooms
D:13:     layout_long_grid, erik_vaults_2, serial_shops,
          nicolae_inconvenience_store, shop, uniq_lodul, uniq_sonja
D:14:     layout_loops_ring, nemelex_lonely_heart_becter
D:15:     hangedman_depths_entry_civil_slaughter, layout_rooms,
          nicolae_kite_square_tiling_tiny, serial_shops, shop,
          nicolae_shop_just_a_little_nook, kiku_gazebo_pond_becter, uniq_kirke
Temple:   hellmonk_temple_divided_pantheon
Lair:1:   layout_gridlike, gauntlet_entry_generic, bh_autumn_forest_stairs,
          dreamdust_mushroom_princess, dreamdust_gnoll_shepherd,
          grunt_megastairs_5, lemuel_fruit_fields
Lair:2:   layout_regular_city, nzn_random_ring
Lair:3:   layout_cave_pods, swamp_mist, guppyfry_snake_entry_garden
Lair:4:   layout_cave_pods, chequers_serial_rivers_large_a,
          minmay_lindwurm_lava, lemuel_fruit_fields
Lair:5:   hangedman_lair_caniforms_friends, layout_small_grid,
          guppyfry_lair_end_dragon, slime_entry_1
Orc:1:    layout_caves, uniq_jorgrun, uniq_josephine
Orc:2:    st_orc_congregation, layout_diamond_mine, serial_shops,
          bzr_entry_islet, uniq_azrael, uniq_erolcha

Skill      XL: |  1  2  3  4  5  6  7  8  9 10 11 12 13 14 15 16 |
---------------+-------------------------------------------------+-----
Transmutations | 3 4 5 6 |  6.9
Poison Magic   | 2 4 |  4.9
Unarmed Combat | 4 6 9 12 13 14 17 18 19 | 19.4
Dodging        | 7 |  7.2
Ice Magic      | 4 7 |  7.7
Fighting       | 8 |  8.6
Invocations    | 3 9 14 | 14.3
Shields        | 4 |  4.1
Conjurations   | 4 |  4.0
Air Magic      | 4 |  4.0
Spellcasting   | |  2.0

Action                     |  1- 3 |  4- 6 |  7- 9 | 10-12 | 13-15 | 16-18 || total
---------------------------+-------+-------+-------+-------+-------+-------++-------
  Melee: Unarmed           |    72 |    99 |   228 |   481 |   831 |   159 ||  1870
         Tentacles         |    10 |     4 |     4 |     4 |    14 |    10 ||    46
         Constrict         |    19 |    12 |     5 |     5 |    10 |     8 ||    59
         Kick              |     8 |     2 |       |       |       |       ||    10
         Punch             |     1 |     1 |     1 |     8 |     4 |     6 ||    21
   Fire: Sling             |    21 |    47 |    28 |    10 |       |       ||   106
  Throw: Javelin           |       |       |       |       |     1 |       ||     1
   Cast: Beastly Appendage |    14 |     1 |       |     1 |       |       ||    16
         Wereblood         |     2 |     2 |     8 |    22 |    28 |     5 ||    67
         Spider Form       |       |    12 |    32 |    27 |       |       ||    71
         Ice Form          |       |       |       |    14 |    75 |    14 ||   103
 Invoke: Temporal Distorti |       |       |       |       |     3 |     2 ||     5
         Step From Time    |       |       |       |       |     1 |       ||     1
         Slouch            |       |       |       |       |       |     3 ||     3
Ability: End Transformatio |       |       |       |     4 |     1 |       ||     5
  Evoke: Wand              |       |       |     4 |    19 |    11 |     2 ||    36
    Use: Scroll            |    10 |     2 |     6 |     6 |     7 |     2 ||    33
         Potion            |       |     2 |     4 |     8 |     2 |     3 ||    19
   Stab: Sleeping          |     5 |     1 |       |       |     4 |     1 ||    11
         Distracted        |       |       |       |       |     1 |     1 ||     2
 Armour: Skin              |     2 |     6 |     7 |    25 |   103 |    11 ||   154
  Dodge: Dodged            |    44 |    66 |   148 |   315 |   462 |   133 ||  1168
  Block: Other             |       |       |       |    13 |   106 |    24 ||   143
         Reflection        |       |       |       |       |     2 |     1 ||     3
         Buckler           |       |       |       |       |       |    23 ||    23

Table legend: (Time is in decaauts)
 A = Elapsed time spent in this place.
 B = Non-inter-level travel time spent in this place.
 C = Inter-level travel time spent in this place.
 D = Time resting spent in this place.
 E = Time spent auto-exploring this place.
 F = Levels seen in this place.
 G = Mean time per level.
                   A        B        C        D        E       F      G
               +--------+--------+--------+--------+--------+-----+--------+
         Total |  32491 |  30209 |   2282 |   3224 |  19959 |  27 | 1203.4 |
       Dungeon |  19340 |  17646 |   1694 |   2568 |  11114 |  15 | 1289.3 |
        Temple |     93 |     77 |     16 |      0 |      0 |   1 |   93.0 |
          Lair |   9018 |   8512 |    506 |      3 |   6851 |   5 | 1803.6 |
  Orcish Mines |   1775 |   1710 |     65 |    177 |   1231 |   2 |  887.5 |
        Bazaar |    207 |    207 |      0 |      0 |    159 |   1 |  207.0 |
        Bailey |    382 |    382 |      0 |     40 |      0 |   1 |  382.0 |
      Ice Cave |   1102 |   1102 |      0 |    295 |    408 |   1 | 1102.0 |
      Gauntlet |    571 |    571 |      0 |    141 |    196 |   1 |  571.0 |
               +--------+--------+--------+--------+--------+-----+--------+

Top non-repeatable levels by time:
  Lair:5: 2442 daAuts
    D:13: 2164 daAuts
  Lair:3: 1906 daAuts
  Lair:4: 1811 daAuts
     D:9: 1763 daAuts
    D:14: 1708 daAuts
    D:10: 1639 daAuts
  Lair:2: 1559 daAuts
     D:7: 1536 daAuts
     D:5: 1526 daAuts
     D:6: 1453 daAuts
  Lair:1: 1298 daAuts
     D:1: 1191 daAuts
    D:11: 1113 daAuts
    D:15: 1108 daAuts
